AoeStats
← Lord Tito

Arabia

506239568Analyzed
2v2 RM · 19d ago on Sep 12, 2026· 78m 26s· 4 players
Game mode
Random Map
Map size
Medium (4 player)
Population
200
Speed
Normal
Resources
Standard
Victory
Conquest
Starting age
Dark Age
Ending age
Imperial Age
RankedLock teamsTeams togetherTeam positionsShared explorationLock speedFull tech treeHidden civsTurbo modeCheats
Victory
Defeat
🇵🇪 Poles · Peru
946
+18
🇦🇷 Cumans · Argentina
922
+18
🇧🇷 Lithuanians · Brazil
988
-18
🇧🇷 Magyars · Brazil
980
-18
Lord Tito
0:44 Loom
11:02 Feudal Age
12:22 Wheelbarrow
11:35 Double-Bit Axe
14:09 Arson
14:28 Horse Collar
16:26 Man-at-Arms
21:46 Forging
22:24 Scale Mail Armor
22:34 Gold Mining
26:53 Castle Age
27:02 Pikeman
27:43 Squires
27:04 Long Swordsman
29:44 Capped Ram
31:06 Hand Cart
31:30 Iron Casting
31:10 Chain Mail Armor
32:26 Bow Saw
33:30 Heavy Plow
35:23 Gold Shaft Mining
40:00 Imperial Age
39:54 Stone Mining
41:43 Halberdier
42:57 Plate Mail Armor
43:28 Blast Furnace
45:28 Chemistry
50:17 Two-Man Saw
52:05 Elite Steppe Lancer
54:00 Ballistics
54:01 Bloodlines
55:35 Scale Barding Armor
RaskWarrioR
6:23 Loom
9:16 Feudal Age
10:00 Double-Bit Axe
20:40 Castle Age
20:49 Gold Mining
23:06 Husbandry
24:07 Bow Saw
23:49 Horse Collar
24:27 Bloodlines
27:24 Scale Barding Armor
28:53 Chain Barding Armor
29:20 Forging
29:16 Light Cavalry
31:44 Pikeman
33:30 Iron Casting
34:43 Man-at-Arms
36:48 Squires
36:34 Arson
38:01 Scale Mail Armor
39:41 Long Swordsman
41:56 Chain Mail Armor
46:29 Imperial Age
44:24 Heavy Plow
46:05 Wheelbarrow
47:48 Conscription
48:00 Plate Mail Armor
49:25 Blast Furnace
49:15 Hand Cart
49:57 Capped Ram
52:08 Siege Ram
63:35 Two-Handed Swordsman
64:51 Champion
sabotaaa
7:41 Loom
9:49 Feudal Age
10:53 Horse Collar
11:01 Double-Bit Axe
23:31 Castle Age
24:45 Bloodlines
24:36 Husbandry
25:09 Forging
25:06 Scale Barding Armor
27:18 Iron Casting
27:49 Gold Mining
28:21 Chain Barding Armor
47:48 Imperial Age
45:42 Bow Saw
45:25 Fletching
45:36 Stone Mining
48:20 Cavalier
49:42 Ballistics
49:20 Murder Holes
54:00 Chemistry
53:38 Plate Barding Armor
57:32 Paladin
64:35 Bodkin Arrow
65:40 Fortified Wall
66:33 Light Cavalry
68:32 Bracer
69:01 Winged Hussar
73:41 Elite Skirmisher
78:16 Padded Archer Armor
JLoos
7:25 Loom
11:18 Feudal Age
21:18 Castle Age
20:38 Scale Barding Armor
20:21 Double-Bit Axe
20:30 Gold Mining
20:36 Horse Collar
22:19 Chain Barding Armor
23:44 Husbandry
24:30 Stone Mining
26:38 Wheelbarrow
37:05 Fletching
37:18 Padded Archer Armor
40:48 Elite Skirmisher
50:40 Bow Saw
54:26 Imperial Age
52:58 Gold Shaft Mining
53:01 Leather Archer Armor
52:42 Bodkin Arrow
54:02 Corvinian Army
60:35 Ballistics
60:10 Murder Holes
61:18 Chemistry
65:34 Ring Archer Armor
65:05 Bracer
66:58 Two-Man Saw
69:43 Chemistry
69:35 Pikeman
74:52 Halberdier
Connection lost

Rejoining the realm…

Still unreachable

The connection could not be restored.

Session expired

The server has moved on; the page needs a fresh start.